 Dungeon Crawl Stone Soup version 0.24-a0-493-g7e4ddcd (webtiles) character file.

Game seed: 11560728026825648455

46832 Spazmo the Thaumaturge (level 14, -7/82 HPs)
             Began as a Deep Elf Fire Elementalist on July 12, 2019.
             Was a High Priest of Sif Muna.
             Mangled by an ettin
             ... wielding a +0 dire flail
              (15 damage)
             ... on level 1 of the Orcish Mines.
             The game lasted 01:09:05 (18133 turns).

Spazmo the Thaumaturge (DEFE)                      Turns: 18133, Time: 01:09:06

Health: -7/82      AC:  6    Str:  5    XL:     14   Next: 6%
Magic:  33/34      EV: 19    Int: 26    God:    Sif Muna [*****.]
Gold:   1245       SH:  5    Dex: 15    Spells: 15/41 levels left

rFire    + . .     SeeInvis +   H - staff of conjuration
rCold    x . .     Gourm    .   q - +0 buckler
rNeg     . . .     Faith    .   y - +2 robe {MR+}
rPois    .         Spirit   .   O - +1 hat
rElec    .         Reflect  .   (no cloak)
rCorr    .         Harm     .   z - +0 pair of gloves
MR       ++...                  (no boots)
Stlth    ++........             P - amulet of regeneration
HPRegen  0.63/turn              i - ring of see invisible
MPRegen  0.24/turn              b - ring of fire

@: no status effects
A: no striking features
a: Channel Magic, Forget Spell, Divine Exegesis, Renounce Religion


You were on level 1 of the Orcish Mines.
You worshipped Sif Muna.
Sif Muna was extremely pleased with you.
You were not hungry.

You visited 3 branches of the dungeon, and saw 17 of its levels.

You collected 1245 gold pieces.

Inventory:

Hand Weapons
 C - the +2 hand axe of Butchery {chop, +Inv rPois}
   (You found it on level 8 of the Dungeon)

   It inflicts extra damage upon your enemies.
   It protects you from poison.
   It lets you turn invisible.
Missiles
 h - 606 stones (quivered)
Armour
 q - a +0 buckler (worn)
 y - a +2 robe of magic resistance (worn)
 z - a +0 pair of gloves (worn)
 D - a +0 robe of fire resistance
 O - a +1 hat (worn)
Magical Staves
 H - an uncursed staff of conjuration (weapon)
Jewellery
 b - a ring of fire (right hand)
 i - a ring of see invisible (left hand)
 I - the ring of Lilacs {+Fly rPois MR+}
   (You found it on level 4 of the Lair of Beasts)

   [ring of flight]

   It protects you from poison.
   It affects your resistance to hostile enchantments.
   It lets you fly.
 P - an amulet of regeneration (around neck)
Wands
 a - a wand of digging (6)
 j - a wand of clouds (5)
 p - a wand of random effects (20)
 t - a wand of disintegration (13)
 u - a wand of flame (24)
 B - a wand of acid (8)
 G - a wand of polymorph (11)
 K - a wand of iceblast (7)
 L - a wand of enslavement (7)
Scrolls
 e - a scroll of identify
 l - 7 scrolls of teleportation
 m - 6 scrolls of fog
 o - 4 scrolls of remove curse
 r - 8 scrolls of magic mapping
 s - 2 scrolls of amnesia
Potions
 d - 3 potions of flight
 f - 2 potions of agility
 g - 6 potions of might
 k - 4 potions of haste
 v - 2 potions of curing
 w - a potion of cancellation
 x - a potion of mutation
 A - a potion of magic
 E - a potion of brilliance
 J - a potion of ambrosia
 M - a potion of berserk rage {unknown}
 N - a potion of heal wounds
Comestibles
 c - 26 rations
 n - 9 chunks of flesh


   Skills:
 - Level 7.0 Fighting
 - Level 10.0 Dodging
 - Level 2.4 Stealth
 - Level 4.0 Shields
 - Level 14.0 Spellcasting
 - Level 12.0 Conjurations
 - Level 12.0 Fire Magic
 + Level 11.1 Earth Magic


You had 15 spell levels left.
You knew the following spells:

 Your Spells              Type           Power        Failure   Level  Hunger
a - Flame Tongue          Conj/Fire      #####        1%          1    None
b - Throw Flame           Conj/Fire      ######       1%          2    None
c - Conjure Flame         Conj/Fire      ########     1%          3    None
d - Sticky Flame          Conj/Fire      ########     1%          4    None
e - Fireball              Conj/Fire      ########..   1%          5    ##.....
f - Bolt of Fire          Conj/Fire      ########..   3%          6    ####...
g - Bolt of Magma         Conj/Fire/Erth ########..   1%          5    ##.....

Your spell library contained the following spells:

 Spells                   Type           Power        Failure   Level  Hunger
 Magic Dart               Conj           ####         1%          1    None
 Shock                    Conj/Air       ####         1%          1    None
 Inner Flame              Hex/Fire       ######..     1%          3    None
 Mephitic Cloud           Conj/Pois/Air  ######..     1%          3    None
 Static Discharge         Conj/Air       ######..     1%          3    None
 Iskenderun's Mystic Bla  Conj           #######.     1%          4    None
 Throw Icicle             Conj/Ice       ######..     2%          4    None
 Swiftness                Chrm/Air       ###.....     4%          2    None
 Iron Shot                Conj/Erth      #######...   4%          6    ####...
 Iskenderun's Battlesphe  Conj/Chrm      ######..     7%          5    ##.....
 Lightning Bolt           Conj/Air       ######....   7%          5    ##.....
 Venom Bolt               Conj/Pois      ######....   7%          5    ##.....
 Call Canine Familiar     Summ           ###.....     9%          3    None
 Orb of Destruction       Conj           #######...   19%         7    ######.
 Airstrike                Air            ###.......   30%         4    None
 Poison Arrow             Conj/Pois      ######....   36%         6    ####...
 Aura of Abjuration       Summ           ###.......   63%         5    ##.....
 Summon Forest            Summ/Tloc      ###.......   63%         5    ##.....
 Ignition                 Fire           #######...   82%         8    #######
 Lehudib's Crystal Spear  Conj/Erth      #######...   86%         8    #######
 Ring of Flames           Chrm/Fire      ######....   91%         7    ######.
 Spellforged Servitor     Conj/Summ      ######....   91%         7    ######.
 Glaciate                 Conj/Ice       ######....   100%        9    #######


Dungeon Overview and Level Annotations

Branches:
Dungeon (10/15)            Temple (0/1) D:4            Lair (6/6) D:9
 Shoals (0/4) Lair:3        Snake (0/4) Lair:2        Slime (0/5) Lair:6
    Orc (1/2) D:9

Altars:
Ashenzari
Cheibriados
Dithmenos
Elyvilon
Hepliaklqana
Kikubaaqudgha
Okawaru
Qazlal
Sif Muna
Trog
Uskayaw
Yredelemnul

Shops:
D:4 *   D:7 (   D:9 ?

Annotations:
D:7 3 runed translucent doors, danspanner's ghost, novice OpCj
D:8 3 runed translucent doors


Message History

You climb downwards.
Welcome back to the Orcish Mines!
An orc priest comes into view. It is wielding a +0 club.
The orc knight roars a battlecry!
The orcs go into a battle-frenzy!
The orc priest looks satisfied for a moment.
The orc warrior hits you with a +0 dire flail!!!
You block the ettin's attack. The ettin completely misses you.
The orc priest mumbles some strange prayers to Beogh against you.
Beogh smites you! You block the orc knight's attack.
The orc priest invokes the aid of Beogh against you.
Beogh smites you!
* * * LOW HITPOINT WARNING * * *
The orc wizard gestures wildly while chanting.
The orc wizard seems to speed up.
There is a staircase back to the Dungeon, spattered with blood here.
The orc warrior hits you with a +0 dire flail!
* * * LOW HITPOINT WARNING * * *
The ettin barely misses you.
The ettin hits you with a +0 great mace!
You die...

... ##. .....#
.o.##.. .....
....... ..#.
.......#...
..#.....$.##
...........#
.......C..#
..o..$>@o.#
....[..o.....#
....[o..#.#.##
........### #
o..Oo....
$........
.o..#.#..
......$..#


You could see an orc knight, an ettin, 2 orc warriors, an ogre, 3 orc priests,
an orc wizard and an orc.

Vanquished Creatures
  2 dire elephants (Lair:4)
  4 hydras
  A catoblepas (Lair:6)
  2 two-headed ogres (D:8)
  3 death yaks (Lair:6)
  A deep troll shaman (Lair:6)
  Urug (Lair:2)
  A fire crab (Lair:4)
  A lindwurm (Lair:6)
  2 oklob plants (Lair:4)
  A slime creature (Lair:6)
  12 elephants
  3 merfolk sirens (Lair:3)
  A black mamba (Lair:2)
  A gargoyle (D:7)
  Joseph (D:8)
  Psyche (D:8)
  8 spiny frogs
  5 rime drakes
  2 komodo dragons
  A merfolk (Lair:3)
  3 trolls (D:9)
  A hornet (D:10)
  Prince Ribbit (D:6)
  6 dream sheep (Lair:6)
  10 blink frogs
  9 hippogriffs
  3 wyverns
  3 basilisks
  30 yaks
  A wraith (D:10)
  A human (D:7)
  4 hogs (D:7)
  A hungry ghost (D:9)
  Menkaure (D:6)
  5 wargs (D:9)
  A naga (Lair:2)
  13 water moccasins
  Duvessa (D:4)
  9 porcupines
  3 ice beasts
  An orc warrior (Orc:1)
  4 necrophages
  3 sky beasts
  5 ogres
  26 wolves
  4 black bears
  A centaur (D:7)
  7 phantoms
  10 crocodiles
  18 bullfrogs
  An elf zombie (D:9)
  A wyvern zombie (D:6)
  Dowan (D:4)
  An elf skeleton (D:9)
  A wyvern skeleton (D:10)
  3 scorpions
  11 killer bees (D:8)
  13 wights
  5 electric eels
  3 howler monkeys
  4 crimson imps
  A centaur zombie (D:6)
  4 human zombies (D:9)
  10 hounds
  A quasit (D:10)
  3 orc priests
  5 jellies
  5 orc wizards
  3 iguanas
  4 bullfrog skeletons
  6 worker ants
  3 hound zombies
  2 hound skeletons
  A worker ant zombie (D:7)
  Robin (D:2)
  4 gnolls
  14 adders
  A shadow imp (D:5)
  An ooze (D:1)
  An adder skeleton (D:5)
  An adder zombie (D:5)
  2 worms
  5 leopard geckos
  19 orcs
  2 ball pythons (D:3)
  7 bats
  9 giant cockroaches
  14 goblins
  9 hobgoblins
  14 jackals
  6 kobolds
  2 quokkas (D:8)
  7 frilled lizards
  A leopard gecko skeleton (D:4)
  2 orc skeletons (D:9)
  A quokka skeleton (D:4)
  2 quokka zombies
  15 rats
  A plant (Lair:4)
472 creatures vanquished.

Vanquished Creatures (others)
  A quokka (D:6)
  2 bushes (Lair:6)
  12 fungi
  7 plants
  11 toadstools (Lair:4)
33 creatures vanquished.

Grand Total: 505 creatures vanquished

Notes
Turn   | Place    | Note
-------+----------+-------------------------------------------
     0 | D:1      | Spazmo the Deep Elf Fire Elementalist began the quest for
                  | the Orb.
     0 | D:1      | Reached XP level 1. HP: 10/10 MP: 6/6
    14 | D:1      | Noticed a merfolk zombie
   229 | D:1      | Reached XP level 2. HP: 15/15 MP: 6/8
   616 | D:1      | Reached XP level 3. HP: 19/19 MP: 1/10
   751 | D:1      | Learned a level 2 spell: Throw Flame
   755 | D:1      | Learned a level 3 spell: Conjure Flame
   994 | D:2      | Reached skill level 4 in Spellcasting
  1075 | D:2      | Found a deep blue altar of Sif Muna.
  1082 | D:2      | Became a worshipper of Sif Muna the Loreminder
  1130 | D:2      | Reached XP level 4. HP: 22/24 MP: 8/12
  1160 | D:2      | Found a shadowy altar of Dithmenos.
  1251 | D:2      | Found a hide-covered altar of Uskayaw.
  1252 | D:2      | Noticed a +0 dagger
  1252 | D:2      | Noticed a +0 hand axe
  1398 | D:2      | Found a stormy altar of Qazlal.
  1469 | D:2      | Noticed Robin
  1475 | D:2      | Killed Robin
  1477 | D:2      | Reached * piety under Sif Muna
  1983 | D:3      | Noticed a phantom
  2006 | D:3      | Killed a phantom
  2006 | D:3      | Reached skill level 5 in Spellcasting
  2006 | D:3      | Reached XP level 5. HP: 28/28 MP: 5/14
  2012 | D:3      | Learned a level 4 spell: Sticky Flame
  2128 | D:3      | Reached skill level 1 in Shields
  2162 | D:3      | Reached ** piety under Sif Muna
  2414 | D:4      | Found an iron altar of Okawaru.
  2414 | D:4      | Noticed a phantom
  2423 | D:4      | Killed a phantom
  2423 | D:4      | Reached XP level 6. HP: 32/32 MP: 7/16
  2496 | D:4      | Reached skill level 5 in Fire Magic
  2584 | D:4      | Noticed Duvessa
  2587 | D:4      | Noticed Dowan
  2609 | D:4      | Killed Duvessa
  2616 | D:4      | Killed Dowan
  2616 | D:4      | Reached skill level 6 in Spellcasting
  2616 | D:4      | Reached XP level 7. HP: 30/36 MP: 6/18
  2623 | D:4      | Learned a level 5 spell: Fireball
  2846 | D:4      | Found a basalt altar of Yredelemnul.
  3041 | D:4      | Found a staircase to the Ecumenical Temple.
  3085 | D:4      | Found Agef's General Store.
  3317 | D:5      | Entered Level 5 of the Dungeon
  3340 | D:5      | Reached skill level 5 in Conjurations
  3462 | D:5      | Reached skill level 7 in Spellcasting
  3531 | D:5      | Reached XP level 8. HP: 41/41 MP: 12/20
  3760 | D:5      | Reached *** piety under Sif Muna
  4146 | D:6      | Noticed Menkaure
  4148 | D:6      | Killed Menkaure
  4303 | D:6      | Reached skill level 8 in Spellcasting
  4312 | D:6      | Found a hazy altar of Hepliaklqana.
  4623 | D:6      | You fall into a shaft and drop 1 floor!
  4631 | D:7      | Found a shattered altar of Ashenzari.
  4717 | D:6      | Noticed Prince Ribbit
  4822 | D:6      | Reached XP level 9. HP: 45/45 MP: 16/23
  5012 | D:6      | Found a white marble altar of Elyvilon.
  5252 | D:6      | Killed Prince Ribbit
  5252 | D:6      | Reached skill level 9 in Spellcasting
  5477 | D:7      | Found a runed translucent gate.
  5477 | D:7      | Found a runed translucent gate.
  5477 | D:7      | Found a runed translucent gate.
  5495 | D:7      | Noticed danspanner's ghost (novice OpCj)
  5501 | D:7      | Found Zuunoim's Antique Weapon Emporium.
  5795 | D:7      | Reached skill level 10 in Spellcasting
  6255 | D:8      | Noticed a gargoyle
  6264 | D:8      | Reached **** piety under Sif Muna
  6305 | D:7      | Killed a gargoyle
  6305 | D:7      | Reached XP level 10. HP: 17/50 MP: 0/26
  6657 | D:8      | Noticed Joseph
  6667 | D:8      | Killed Joseph
  6667 | D:8      | Reached skill level 11 in Spellcasting
  6843 | D:8      | Found a flagged portal.
  6850 | D:8      | Got a brightly glowing hand axe
  6851 | D:8      | Identified the +2 hand axe of Butchery {chop, +Inv rPois}
                  | (You found it on level 8 of the Dungeon)
  6900 | D:8      | Learned a level 5 spell: Bolt of Magma
  6900 | D:8      | Noticed a two-headed ogre
  6907 | D:8      | Killed a two-headed ogre
  6907 | D:8      | Reached skill level 10 in Fire Magic
  7145 | D:8      | Noticed Psyche
  7182 | D:8      | Killed Psyche
  7182 | D:8      | Reached skill level 1 in Earth Magic
  7325 | D:8      | Noticed a two-headed ogre
  7339 | D:8      | Killed a two-headed ogre
  7339 | D:8      | Reached skill level 12 in Spellcasting
  7339 | D:8      | Reached skill level 10 in Conjurations
  7512 | D:8      | Found a runed translucent gate.
  7512 | D:8      | Found a runed translucent gate.
  7512 | D:8      | Noticed a green ugly thing
  7513 | D:8      | Found a runed translucent gate.
  7515 | D:8      | Noticed a white ugly thing
  7517 | D:8      | Noticed a cyan ugly thing
  7527 | D:8      | Found a bloodstained altar of Trog.
  7838 | D:9      | Found a staircase to the Lair.
  7860 | D:9      | Reached ***** piety under Sif Muna
  7888 | D:9      | Identified Sif Muna's Almanac of Scorching Summoning (Sif
                  | Muna gifted it to you on level 9 of the Dungeon)
  7888 | D:9      | Received a gift from Sif Muna
  7888 | D:9      | Reached skill level 5 in Earth Magic
  7888 | D:9      | Reached XP level 11. HP: 44/54 MP: 9/29
  7897 | D:9      | Learned a level 6 spell: Bolt of Fire
  8079 | D:9      | Found a snail-covered altar of Cheibriados.
  8296 | D:9      | Found an ancient bone altar of Kikubaaqudgha.
  8433 | D:9      | Found Dyeseden's Magic Scroll Emporium.
  8565 | D:9      | Found a staircase to the Orcish Mines.
  8706 | D:10     | Entered Level 10 of the Dungeon
  9602 | Lair:1   | Entered Level 1 of the Lair of Beasts
  9964 | Lair:1   | You fall into a shaft and drop 1 floor!
 10407 | Lair:2   | Reached skill level 10 in Earth Magic
 10443 | Lair:2   | Noticed Urug
 10579 | Lair:2   | Reached skill level 1 in Fighting
 10780 | Lair:2   | Found a staircase to the Snake Pit.
 11037 | Lair:2   | Killed Urug
 11304 | Lair:3   | Reached skill level 5 in Dodging
 11469 | Lair:3   | Reached XP level 12. HP: 52/64 MP: 14/30
 11631 | Lair:3   | Found a staircase to the Shoals.
 11967 | Lair:3   | Identified Sif Muna's Catalogue of Combat Magic (Sif Muna
                  | gifted it to you on level 3 of the Lair of Beasts)
 11967 | Lair:3   | Received a gift from Sif Muna
 12140 | Lair:3   | Noticed a six-headed hydra
 12157 | Lair:3   | Killed a six-headed hydra
 12157 | Lair:3   | Reached skill level 5 in Fighting
 12891 | Lair:4   | Noticed a dire elephant
 12891 | Lair:4   | Noticed a dire elephant
 12911 | Lair:4   | Found a runed translucent door.
 12987 | Lair:4   | Killed a dire elephant
 13183 | Lair:4   | Killed a dire elephant
 13183 | Lair:4   | Reached skill level 10 in Dodging
 13205 | Lair:4   | Got a clouded pewter ring
 13206 | Lair:4   | Identified the ring of Lilacs {+Fly rPois MR+} (You found
                  | it on level 4 of the Lair of Beasts)
 14092 | Lair:5   | Reached XP level 13. HP: 72/76 MP: 11/31
 15104 | Lair:5   | Reached skill level 13 in Spellcasting
 15397 | Lair:6   | Entered Level 6 of the Lair of Beasts
 15638 | Lair:6   | Identified Lehudib's Tome of Attacks and Clay (Sif Muna
                  | gifted it to you on level 6 of the Lair of Beasts)
 15638 | Lair:6   | Received a gift from Sif Muna
 16419 | Lair:6   | Found a staircase to the Slime Pits.
 17002 | Lair:6   | Reached skill level 14 in Spellcasting
 17536 | Lair:6   | Reached XP level 14. HP: 82/82 MP: 18/34
 17881 | Orc:1    | Entered Level 1 of the Orcish Mines
 18133 | Orc:1    | Mangled by an ettin

Levels and vault maps discovered:
D:1:      shiori_arrival_whats_in_store_for_you, layout_basic, dk_noncrumbling_2
D:2:      layout_loops_ring, nicolae_overflow_crystal_walls,
          grunt_dithmenos_smoke_and_mirrors, dancing_weapons_uskayaw,
          grunt_qazlal_clouds, uniq_robin
D:3:      layout_rooms
D:4:      layout_loops_ring, kennysheep_mini, okawaru_ov_weapons_minmay,
          minmay_temple_entry_glassed_door, serial_shops, nicolae_shop_trees,
          minmay_misc_feat_nine_boxes, uniq_duvessa
D:5:      layout_loops_corners, first_ration
D:6:      layout_loops_ring, elyvilon_altar_4, marbit_many_paths, uniq_menkaure,
          uniq_prince_ribbit1
D:7:      layout_basic, ashenzari_altar_1, gammafunk_ghost_icy, serial_shops,
          shop_coins, minmay_misc_feat_plants, grunt_livestock
D:8:      layout_loops_ring, kennysheep_mini_moat, enter_bailey_2,
          ploomutoo_gammafunk_ghost_potion_laboratory, uniq_psyche, uniq_joseph
D:9:      layout_basic, lemuel_mausoleum_altar_kikubaaqudgha,
          kennysheep_little_box, erik_lair_island, serial_shops,
          nicolae_shop_behind_doors
D:10:     layout_rooms
Lair:1:   layout_roguey
Lair:2:   layout_hall_layers, guppyfry_snake_entry_garden,
          nicolae_volcano_entry_s_turn, uniq_urug
Lair:3:   layout_long_grid, elwin_shoals_entry_stream, grunt_megastairs_1,
          serial_bayou_shore_a
Lair:4:   gammafunk_lair_enchanted_lake, layout_gridlike, kennysheep_rathole,
          minmay_lair_oklob_chamber, infiniplex_staircase_pool
Lair:5:   layout_small_grid
Lair:6:   grunt_lair_end_beastmaster, layout_regular_city,
          minmay_slime_entry_pillars
Orc:1:    layout_caves

Skill      XL: |  1  2  3  4  5  6  7  8  9 10 11 12 13 14 |
---------------+-------------------------------------------+-----
Conjurations   | 2 3 4 5 6 8 10 12 | 12.0
Spellcasting   | 4 5 6 7 8 10 12 14 | 14.0
Fire Magic     | 4 5 6 7 9 10 12 | 12.0
Shields        | 1 2 3 4 |  4.0
Earth Magic    | 5 10 11 | 11.1
Dodging        | 5 10 | 10.0
Fighting       | 3 7 |  7.0
Stealth        | |  2.4

Action                   |  1- 3 |  4- 6 |  7- 9 | 10-12 | 13-15 || total
-------------------------+-------+-------+-------+-------+-------++-------
Melee: Dagger            |    30 |       |    57 |     8 |       ||    95
       Short sword       |     4 |       |     5 |       |       ||     9
       Hand axe          |       |       |       |    26 |    12 ||    38
       Staff             |       |       |       |       |    16 ||    16
Throw: Stone             |       |       |       |       |     7 ||     7
 Cast: Flame Tongue      |    61 |    99 |   206 |   368 |    44 ||   778
       Throw Flame       |     1 |     5 |    28 |    78 |    13 ||   125
       Sticky Flame      |       |     1 |    11 |    74 |    59 ||   145
       Fireball          |       |       |     6 |    11 |    13 ||    30
       Conjure Flame     |       |       |     2 |     8 |     1 ||    11
       Bolt of Magma     |       |       |       |    34 |    55 ||    89
       Bolt of Fire      |       |       |       |     4 |       ||     4
  Use: Potion            |     3 |       |     3 |     2 |     1 ||     9
       Scroll            |     5 |     5 |     3 |    10 |     3 ||    26
 Stab: Sleeping          |     1 |       |       |     1 |       ||     2
  Eat: Chunk             |     1 |     4 |    12 |    13 |    16 ||    46
       Ration            |       |       |     1 |     4 |       ||     5
Armor: Robe              |     8 |     3 |    13 |    21 |    21 ||    66
Dodge: Dodged            |    37 |    36 |    54 |   110 |   130 ||   367
Block: Buckler           |       |     4 |    19 |    41 |    38 ||   102

Table legend:
 A = Non-vault XP
 B = Vault XP
 C = Vault XP percentage of total XP
 D = Non-vault monster count
 E = Vault monster count
 F = Vault count percentage of total count
                 A         B        C        D         E       F
            +---------+---------+-------+---------+---------+-------
      Total |   46036 |   20867 |  31.2 |     391 |      80 |  17.0
            +---------+---------+-------+---------+---------+-------
        D:1 |      57 |       0 |   0.0 |      30 |       0 |   0.0
        D:2 |      80 |      28 |  25.9 |      20 |       8 |  28.6
        D:3 |     174 |       0 |   0.0 |      28 |       0 |   0.0
        D:4 |     479 |     230 |  32.4 |      15 |       2 |  11.8
        D:5 |     828 |       0 |   0.0 |      21 |       0 |   0.0
        D:6 |     814 |     442 |  35.2 |      18 |       3 |  14.3
        D:7 |    1200 |    1004 |  45.6 |      15 |       5 |  25.0
        D:8 |    3719 |     863 |  18.8 |      44 |       2 |   4.3
        D:9 |    2792 |    1493 |  34.8 |      35 |      19 |  35.2
       D:10 |    2492 |       0 |   0.0 |      20 |       0 |   0.0
     Lair:1 |    1705 |       0 |   0.0 |      12 |       0 |   0.0
     Lair:2 |    2228 |     979 |  30.5 |      11 |       2 |  15.4
     Lair:3 |    5621 |    2082 |  27.0 |      27 |       5 |  15.6
     Lair:4 |    4523 |    5677 |  55.7 |      19 |      14 |  42.4
     Lair:5 |    8921 |       0 |   0.0 |      28 |       0 |   0.0
     Lair:6 |   10229 |    8069 |  44.1 |      44 |      20 |  31.2
      Orc:1 |     174 |       0 |   0.0 |       4 |       0 |   0.0
            +---------+---------+-------+---------+---------+-------
